 Dungeon Crawl Stone Soup version 0.24-a0-479-g9a978d2 (webtiles) character file.

Game seed: 17092260974987719434

3136 pkoi the Carver (level 9, -18/78 HPs)
             Began as a Minotaur Fighter on July 6, 2019.
             Was a Priest of Qazlal.
             Demolished by Gastronok (23 damage)
             ... on level 8 of the Dungeon.
             The game lasted 00:07:46 (5821 turns).

pkoi the Carver (Minotaur Fighter)                  Turns: 5821, Time: 00:07:47

Health: -18/78     AC: 12    Str: 24    XL:     9   Next: 61%
Magic:  11/11      EV:  8    Int:  5    God:    Qazlal [***...]
Gold:   412        SH: 14    Dex: 10    Spells: 8/8 levels left

rFire    . . .     SeeInvis .   a - +1 long sword
rCold    . . .     Gourm    .   c - +0 shield
rNeg     . . .     Faith    .   l - +0 chain mail
rPois    .         Spirit   .   (helmet restricted)
rElec    .         Reflect  .   (no cloak)
rCorr    .         Harm     .   i - +1 pair of gloves
MR       .....                  (no boots)
Stlth    ..........             (no amulet)
HPRegen  0.23/turn              (no ring)
MPRegen  0.12/turn              (no ring)

@: no status effects
A: retaliatory headbutt, horns 2
a: Upheaval, Elemental Force, Renounce Religion


You were on level 8 of the Dungeon.
You worshipped Qazlal.
Qazlal was most pleased with you.
You were not hungry.

You visited 1 branch of the dungeon, and saw 8 of its levels.

You collected 412 gold pieces.

Inventory:

Hand Weapons
 a - a +1 long sword (weapon)
 k - a +0 falchion of freezing
Missiles
 t - 6 boomerangs (quivered)
 y - 2 throwing nets
Armour
 b - a +0 scale mail
 c - a +0 shield (worn)
 i - a +1 pair of gloves (worn)
 l - a +0 chain mail (worn)
Wands
 q - a wand of disintegration (25)
 z - a wand of flame (22)
Scrolls
 d - 6 scrolls of remove curse
 e - 7 scrolls of identify
 g - a scroll of magic mapping
 n - 5 scrolls of teleportation
 p - a scroll of enchant weapon
 r - a scroll of amnesia
Potions
 h - a potion of berserk rage
 j - a potion of haste
 m - a potion of agility
 o - 2 potions of heal wounds
 s - 5 potions of curing
 u - a potion of might
 v - 3 potions of invisibility
 w - a potion of flight {unknown}
 x - a potion of cancellation {unknown}
Comestibles
 f - 8 rations
 A - 2 chunks of flesh


   Skills:
 + Level 6.4 Fighting
 + Level 9.9 Long Blades
 + Level 4.1 Throwing
 + Level 6.4 Armour
 + Level 4.5 Dodging
 + Level 6.5 Shields
 + Level 4.2 Invocations


You had 8 spell levels left.
You didn't know any spells.
Your spell library contained the following spells:

 Spells                   Type           Power        Failure   Level  Hunger
 Confusing Touch          Hex            #.....       100%        1    ##.....
 Sandblast                Erth           #.....       100%        1    ##.....
 Passwall                 Tmut/Erth      #.......     100%        2    ###....
 Confuse                  Hex            #.......     100%        3    ####...
 Gell's Gravitas          Tloc           #.........   100%        3    ####...
 Stone Arrow              Conj/Erth      #.....       100%        3    ####...
 Petrify                  Tmut/Erth      #.......     100%        4    #####..
 Lee's Rapid Deconstruct  Erth           #.........   100%        5    ######.
 Metabolic Englaciation   Hex/Ice        #.........   100%        5    ######.
 Yara's Violent Unravell  Hex/Tmut       #.........   100%        5    ######.


Dungeon Overview and Level Annotations

Branches:
Dungeon (8/15)             Temple (0/1) D:6
   Lair: D:8-11

Altars:
Cheibriados
Gozag
Hepliaklqana
Nemelex Xobeh
Qazlal
Ru
Sif Muna
Trog
Xom
Yredelemnul

Annotations:
D:8 Gastronok


Innate Abilities, Weirdness & Mutations

You reflexively headbutt those who attack you in melee.
You have a pair of horns on your head.


Message History

Gastronok bites you!!
* * * LOW HITPOINT WARNING * * *
You slash Gastronok! You headbutt Gastronok!
Gastronok is moderately wounded.
A mummy comes into view.
You slash Gastronok! You headbutt Gastronok.
Gastronok is heavily wounded.
Gastronok wobbles crazily.
You slash Gastronok!
Gastronok is heavily wounded.
You hit Gastronok.
Gastronok is heavily wounded.
Gastronok bites you!
* * * LOW HITPOINT WARNING * * *
You slash Gastronok!
Gastronok is heavily wounded.
You hit Gastronok but do no damage. You headbutt Gastronok.
Gastronok is heavily wounded.
Gastronok bites you!!
You die...

.....'...............#
.....####..###.#.###.#
.....# ##># #.#.# #.#
.....# #.# #.#.# #.#
.....# #. #.#.# #.#
.....# #.#/# #.#
.....# ..#.# #.#
..#### ###.# #.# ..#
#.☼@# #.# ... #.#w# ..
.....# #.....# #..M..#
....... ........
...._...


You could see Gastronok and a mummy.

Vanquished Creatures
  Harold (D:7)
  Pikel (D:7)
  Grinder (D:3)
  Edmund (D:4)
  An ice beast (D:7)
  A sky beast (D:4)
  3 phantoms
  3 bullfrogs
  3 scorpions
  3 jellies
  5 crimson imps
  A hound (D:4)
  2 orc priests
  2 orc wizards
  A bullfrog skeleton (D:5)
  Natasha (thrice) (D:4)
  5 worker ants
  2 hound skeletons
  Robin (D:4)
  7 adders
  4 gnolls (D:4)
  A shadow imp (D:6)
  2 adder skeletons
  An adder zombie (D:5)
  A worm (D:4)
  2 dart slugs
  5 leopard geckos
  29 orcs
  6 bats
  5 giant cockroaches
  10 goblins
  12 hobgoblins
  13 jackals
  A quokka (D:4)
  3 ball pythons
  11 frilled lizards
  6 kobolds
  A leopard gecko zombie (D:8)
  A quokka skeleton (D:5)
  5 rats
166 creatures vanquished.

Notes
Turn   | Place    | Note
-------+----------+-------------------------------------------
     0 | D:1      | pkoi the Minotaur Fighter began the quest for the Orb.
     0 | D:1      | Reached XP level 1. HP: 19/19 MP: 0/0
   208 | D:1      | Reached skill level 3 in Long Blades
   281 | D:1      | Reached XP level 2. HP: 25/26 MP: 1/1
   787 | D:2      | Reached skill level 4 in Long Blades
   787 | D:2      | Reached XP level 3. HP: 31/31 MP: 2/2
  1148 | D:2      | Reached skill level 5 in Long Blades
  1334 | D:2      | Reached XP level 4. HP: 39/39 MP: 3/3
  1387 | D:3      | Noticed Grinder
  1508 | D:3      | Killed Grinder
  1508 | D:3      | Reached skill level 7 in Long Blades
  1508 | D:3      | Reached XP level 5. HP: 17/45 MP: 4/4
  1508 | D:3      | Reached XP level 6. HP: 20/51 MP: 5/5
  1742 | D:3      | Reached skill level 8 in Long Blades
  1882 | D:3      | Found a stormy altar of Qazlal.
  1968 | D:3      | Found a sparkling altar of Nemelex Xobeh.
  2038 | D:3      | Became a worshipper of Qazlal Stormbringer
  2116 | D:3      | Found a deep blue altar of Sif Muna.
  2192 | D:4      | Noticed Robin
  2217 | D:4      | Killed Robin
  2262 | D:4      | Noticed Edmund
  2291 | D:4      | Killed Edmund
  2291 | D:4      | Reached skill level 1 in Throwing
  2291 | D:4      | Reached skill level 1 in Dodging
  2291 | D:4      | Reached XP level 7. HP: 51/58 MP: 6/6
  2308 | D:4      | Found a shimmering altar of Xom.
  2346 | D:4      | Reached * piety under Qazlal
  2355 | D:4      | Reached skill level 1 in Invocations
  2558 | D:4      | Noticed Natasha
  2567 | D:4      | Killed Natasha
  2853 | D:4      | Found a basalt altar of Yredelemnul.
  3046 | D:4      | Noticed Natasha
  3052 | D:4      | Killed Natasha
  3056 | D:4      | Reached XP level 8. HP: 67/67 MP: 8/8
  3060 | D:4      | Noticed Natasha
  3070 | D:4      | Killed Natasha
  3182 | D:5      | Entered Level 5 of the Dungeon
  3329 | D:5      | Reached skill level 9 in Long Blades
  3621 | D:5      | Reached ** piety under Qazlal
  3753 | D:5      | Reached skill level 5 in Shields
  3792 | D:5      | Reached skill level 5 in Fighting
  3792 | D:5      | Reached skill level 5 in Armour
  3823 | D:5      | Found a sacrificial altar of Ru.
  4323 | D:5      | Found a bloodstained altar of Trog.
  4660 | D:6      | Found a staircase to the Ecumenical Temple.
  4891 | D:7      | Found an opulent altar of Gozag.
  5018 | D:7      | Reached *** piety under Qazlal
  5167 | D:7      | Found a hazy altar of Hepliaklqana.
  5394 | D:8      | Noticed Harold
  5394 | D:8      | Noticed Pikel
  5408 | D:7      | Killed Harold
  5408 | D:7      | Reached XP level 9. HP: 24/75 MP: 10/10
  5640 | D:7      | Killed Pikel
  5807 | D:8      | Noticed Gastronok
  5812 | D:8      | Found a snail-covered altar of Cheibriados.
  5821 | D:8      | Demolished by Gastronok

Levels and vault maps discovered:
D:1:      evilmike_arrival_plus, layout_loops_ring
D:2:      layout_loops_ring, nicolae_overflow_hidden_temple
D:3:      layout_rooms, led_sif_pool, marbit_many_paths, lemuel_doored_altar,
          first_ration, chequers_serial_rivers_marsh, uniq_grinder
D:4:      layout_loops_ring, overflow_temple_1_default,
          corexii_item_surrounded_by_moat, xom_teletrap_fun, uniq_natasha,
          uniq_edmund, uniq_robin
D:5:      layout_basic, nicolae_ru_awakened_eye, lemuel_round_altar
D:6:      layout_gridville, temple_green
D:7:      layout_loops_ring, nicolae_gozag_seed_capital, lemuel_crystal_altar
D:8:      layout_basic, slow_altar_1, david_lair_generic, uniq_harold,
          uniq_gastronok, uniq_pikel

Skill      XL: |  1  2  3  4  5  6  7  8  9 |
---------------+----------------------------+-----
Long Blades    | 3 4 5 7 8 9 |  9.9
Throwing       | 1 2 3 4 |  4.1
Dodging        | 1 2 4 |  4.5
Fighting       | 4 6 |  6.4
Armour         | 4 6 |  6.4
Shields        | 4 6 |  6.5
Invocations    | 2 3 4 |  4.2

Action                   |  1- 3 |  4- 6 |  7- 9 || total
-------------------------+-------+-------+-------++-------
Melee: Long sword        |    91 |   125 |   325 ||   541
       Headbutt          |     6 |    21 |    69 ||    96
Throw: Boomerang         |       |       |     3 ||     3
  Use: Potion            |       |     6 |       ||     6
       Scroll            |       |       |    11 ||    11
 Stab: Invisible         |       |     1 |       ||     1
  Eat: Chunk             |     1 |     4 |    11 ||    16
Armor: Scale mail        |    13 |       |       ||    13
       Chain mail        |    23 |    68 |    99 ||   190
Dodge: Dodged            |    26 |    24 |    47 ||    97
Block: Shield            |    52 |    72 |   140 ||   264
       Rpst.: Long sword |     4 |     9 |    17 ||    30

Table legend:
 A = Non-vault XP
 B = Vault XP
 C = Vault XP percentage of total XP
 D = Non-vault monster count
 E = Vault monster count
 F = Vault count percentage of total count
                 A         B        C        D         E       F
            +---------+---------+-------+---------+---------+-------
      Total |    2374 |    2106 |  47.0 |     148 |      18 |  10.8
            +---------+---------+-------+---------+---------+-------
        D:1 |      21 |       0 |   0.0 |      16 |       0 |   0.0
        D:2 |      76 |       0 |   0.0 |      22 |       0 |   0.0
        D:3 |     169 |     283 |  62.6 |      22 |       2 |   8.3
        D:4 |     695 |     228 |  24.7 |      38 |      14 |  26.9
        D:5 |     525 |       0 |   0.0 |      19 |       0 |   0.0
        D:6 |     519 |       0 |   0.0 |      15 |       0 |   0.0
        D:7 |     311 |    1595 |  83.7 |      11 |       2 |  15.4
        D:8 |      58 |       0 |   0.0 |       5 |       0 |   0.0
            +---------+---------+-------+---------+---------+-------
